 Dungeon Crawl Stone Soup version 0.27-a0-1065-ge809cff456 (webtiles) character file.

Game seed: 7717715254364028078

186 shoop the Poker (level 5, -15/41 HPs)
             Began as a Barachi Abyssal Knight on Apr 23, 2021.
             Was a Believer of Lugonu.
             Demolished by Menkaure (17 damage)
             ... on level 4 of the Dungeon.
             The game lasted 00:08:08 (3588 turns).

shoop the Poker (Barachi Abyssal Knight)            Turns: 3588, Time: 00:08:08

Health: -15/41     AC:  5    Str: 13 (14) XL:     5   Next: 66%
Magic:  6/6        EV: 11    Int: 10 (12) God:    Lugonu [**....]
Gold:   41         SH:  0    Dex: 12      Spells: 4/4 levels left

rFire    . . .     SeeInvis .   j - +1 spear (venom)
rCold    + . .     Faith    .   (no shield)
rNeg     + . .     Spirit   .   k - +2 leather armour {rC+}
rPois    .         Reflect  .   (no helmet)
rElec    .         Harm     .   (no cloak)
rCorr    .         Rampage  .   (no gloves)
Will     .....                  (no boots)
Stlth    +.........             (no amulet)
HPRegen  0.13/turn              u - ring of positive energy
MPRegen  0.10/turn              (no ring)

@: slow
A: amphibious, slowness 1, strong legs 1, +LOS
a: Hop, Renounce Religion, Depart the Abyss, Bend Space


You were on level 4 of the Dungeon.
You worshipped Lugonu.
Lugonu was pleased with you.
You visited 1 branch of the dungeon, and saw 4 of its levels.
You visited the Abyss 1 time.

You collected 41 gold pieces.

Inventory:

Hand Weapons
 a - a +1 spear
 j - a +1 spear of venom (weapon)
Missiles
 r - 6 poisoned darts (quivered)
 t - a throwing net
Armour
 b - a +0 leather armour
 k - a +2 leather armour of cold resistance (worn)
Jewellery
 u - a ring of positive energy (left hand)
Scrolls
 c - a scroll of amnesia {unknown}
 d - 2 scrolls of magic mapping {unknown}
 f - 3 scrolls of teleportation {unknown}
 h - a scroll of identify {unknown}
 i - 3 scrolls of enchant weapon {unknown}
 l - a scroll of noise {unknown}
 o - a scroll of summoning {unknown}
 v - a scroll of blinking {unknown}
Potions
 e - a potion of degeneration
 g - 3 potions of ambrosia
 m - a potion of heal wounds {unknown}
 n - a potion of curing
 p - a potion of attraction {unknown}
 q - a potion of resistance {unknown}
 s - a potion of might {unknown}
 w - a potion of brilliance {unknown}


   Skills:
 - Level 3.6 Fighting
 * Level 5.0 Polearms
 - Level 1.0 Throwing
 - Level 2.4 Armour
 - Level 1.1 Dodging
 + Level 2.6 Invocations


You had 4 spell levels left.
You didn't know any spells.
Your spell library was empty.

Dungeon Overview and Level Annotations

Branches:
Dungeon (4/15)             Temple (0/1) D:4

Altars:

Annotations:
D:4 Menkaure


Innate Abilities, Weirdness & Mutations

You are amphibious.
You cover ground slowly.
You can hop short distances.
You have an extended range of vision and can be seen from far away.


Message History

You see here a hound corpse.
There is a staircase to the Ecumenical Temple here.
There is a fountain of clear blue water here.
r - 4 poisoned darts (gained 1)
r - 5 poisoned darts (gained 1)
r - 6 poisoned darts (gained 1)
w - a sedimented silvery potion You open the door.
Menkaure, Prince of Dust comes into view.
Menkaure shouts!
Menkaure mumbles some strange words.
Menkaure seems to speed up.
You close the door.
You start waiting.
Menkaure is nearby!
You reach to attack!
You hit Menkaure.
Menkaure is lightly damaged.
Menkaure calls on the powers of darkness!
Your body is wracked with pain!
You reach to attack!
You hit Menkaure.
Menkaure is moderately damaged.
You hit Menkaure but do no damage.
Menkaure is moderately damaged.
Menkaure barely misses you.
You hit Menkaure.
Menkaure is heavily damaged.
Menkaure barely misses you.
You hit Menkaure.
Menkaure is heavily damaged.
Menkaure hits you!!
Ouch! That really hurt!
* * * LOW HITPOINT WARNING * * *
Menkaure calls on the powers of darkness!
You feel a surge of unholy energy.
You hear a shout!
Okay, then.
You hit Menkaure but do no damage.
Menkaure is heavily damaged.
Menkaure hits you!
You die...

..# .M. ... #. ... #..#.#
...#.# #.##.# #.##+## #
#.#M@.## #..####......##
#######............#.#
##⌠...⌠#####..........#
.#.....#...#.............
....>....⌠............###
.#.....#...##.......#.#
##⌠...⌠#######.....##...
####### ##...## ###


You could see Menkaure (fast).

Vanquished Creatures
  A hound (D:4)
  8 gnolls
  An adder (D:4)
  2 dart slugs
  5 bats
  8 endoplasms
  3 giant cockroaches
  6 goblins
  4 hobgoblins
  7 jackals
  7 kobolds
  9 ball pythons
  2 frilled lizards (D:2)
  4 rats
67 creatures vanquished.

Notes
Turn   | Place    | Note
-------+----------+-------------------------------------------
     0 | Abyss:1  | shoop the Barachi Abyssal Knight began the quest for the
                  | Orb.
     0 | Abyss:1  | Reached XP level 1. HP: 18/18 MP: 2/2
    58 | Abyss:1  | Found a corrupted altar of Lugonu.
    84 | D:1      | Escaped the Abyss
   371 | D:1      | Reached XP level 2. HP: 11/24 MP: 3/3
   579 | D:1      | Reached skill level 3 in Polearms
   719 | D:1      | Reached XP level 3. HP: 22/29 MP: 4/4
   770 | D:1      | Reached ** piety under Lugonu
  1962 | D:3      | Reached skill level 4 in Polearms
  2113 | D:3      | Reached XP level 4. HP: 36/36 MP: 5/5
  2889 | D:3      | Reached skill level 1 in Throwing
  2897 | D:3      | Reached XP level 5. HP: 31/41 MP: 6/6
  3504 | D:4      | Found a staircase to the Ecumenical Temple.
  3529 | D:4      | Reached skill level 5 in Polearms
  3573 | D:4      | Noticed Menkaure
  3587 | D:4      | HP: 2/41 [Menkaure (22)]
  3588 | D:4      | Demolished by Menkaure

Illustrated notes

Levels and vault maps discovered:
D:1:      minmay_arrival_plants_in_alcoves, layout_loops_ring
D:2:      layout_rooms
D:3:      layout_loops_ring
D:4:      minmay_chambers_of_fours, layout_loops_corners,
          minmay_temple_entry_antechambers, kennysheep_generic_room_7,
          uniq_ijyb, uniq_blork_the_orc, uniq_menkaure

Skill      XL: |  1  2  3  4  5 |
---------------+----------------+-----
Polearms       | 3 4 5 |  5.0
Invocations    | 2 |  2.6
Throwing       | 1 |  1.0
Fighting       | |  3.6
Armour         | |  2.4
Dodging        | |  1.1

Action                   |  1- 3 |  4- 6 || total
-------------------------+-------+-------++-------
Melee: Spear             |   145 |    66 ||   211
Throw: Dart              |       |    18 ||    18
 Abil: Hop               |     2 |     4 ||     6
  Use: Potion            |     3 |     1 ||     4
 Stab: Sleeping          |     2 |       ||     2
Armor: Leather armour    |    28 |    13 ||    41
Dodge: Dodged            |    63 |    23 ||    86

Table legend: (Time is in decaauts)
 A = Elapsed time spent in this place.
 B = Non-inter-level travel time spent in this place.
 C = Inter-level travel time spent in this place.
 D = Time resting spent in this place.
 E = Time spent auto-exploring this place.
 F = Levels seen in this place.
 G = Mean time per level.
                   A        B        C        D        E       F      G
               +--------+--------+--------+--------+--------+-----+--------+
         Total |   3935 |   3755 |    180 |    261 |   2844 |   5 |  787.0 |
       Dungeon |   3835 |   3655 |    180 |    261 |   2800 |   4 |  958.8 |
         Abyss |    100 |    100 |      0 |      0 |     44 |   1 |  100.0 |
               +--------+--------+--------+--------+--------+-----+--------+

Top non-repeatable levels by time:
     D:1: 1651 daAuts
     D:3: 1220 daAuts
     D:2: 735 daAuts
     D:4: 228 daAuts
 Abyss:1: 100 daAuts
